cohdb
Replays
Latest Replays
All Replays
Popular Replays
Top Player Replays
Match Explorer
How It Works
Community
CoH3 Stats
Reddit
Sign in to upload your games and track your stats! →
Sign in with Steam
Match 34290380
Unlisted
Match 34290380
Overview
Messages
Build Orders
End
Engineer Squad
Construct Barracks
Selects Armored Battlegroup
Selects Assault Engineers
1⁄4-ton 4x4 Truck
Assault Engineer Squad
Assault Engineer Squad
Mechanized Support Center
Construct Weapon Support Center
M3 Armored Personnel Carrier
Assault Engineer Squad
M3 75 mm Gun Motor Carriage
M3 Armored Personnel Carrier
Selects Strength in Steel
Selects M31 Recovery Vehicle
M3 Armored Personnel Carrier
Scout Squad
M31 Recovery Vehicle
.30 cal Machine Gun
Selects War Machine
Construct Tank Depot
Assault Engineer Squad
Assault Engineer Squad
M4(105) Sherman Bulldozer
Assault Engineer Squad
M18 Hellcat Tank Destroyer
Scout Squad
AI Takeover
NiuZeta
[QSA] Aerocrastic
Panzerkampfwagen Tiger 8,8 cm
too much
Seraph
Glorb
Miudai
Lero
0
0
Comments
sign in to comment!
No comments posted yet!